 Dungeon Crawl Stone Soup version 0.31.0-12-g77e489cdc1 (webtiles) character file.

Game seed: 6623464105078135026

62514 bearlyready the Grappler (level 15, 0/117 HPs)
             Began as a Gnoll Shapeshifter on Feb 18, 2024.
             Was the Champion of Makhleb.
             Slain by a two-headed ogre
             ... wielding a +0 giant club
              (12 damage)
             ... on level 2 of the Orcish Mines on Feb 19, 2024.
             The game lasted 00:29:38 (15869 turns).

bearlyready the Grappler (Gnoll Shapeshifter)      Turns: 15869, Time: 00:29:39

Health: 0/117      AC: 16    Str: 20    XL:     15   Next: 6%
Magic:  29/29      EV: 13    Int: 10    God:    Makhleb [******]
Gold:   2148       SH:  0    Dex: 15    Spells: 34/34 levels left

rFire   + . .        S - +5 trident of the Eggplant {flame, ^Contam rPois Str+3}
rCold   . . .        (no shield)
rNeg    . . .        E - +1 chain mail {rF+}
rPois   +            (helmet currently unavailable)
rElec   .            (cloak currently unavailable)
rCorr   .            (gloves currently unavailable)
SInv    .            (boots currently unavailable)
Will    +....        (no amulet)
Stlth   ++           g - +4 ring of protection
HPRegen 0.39/turn    j - +4 ring of slaying
MPRegen 0.21/turn

%: no passive effects
@: about to teleport, beast-form
A: beast (slay +4), fangs 1, strong nose, distributed training
a: Begin Untransformation, Renounce Religion, Minor Destruction, Lesser Servant
of Makhleb, Major Destruction, Greater Servant of Makhleb


You were on level 2 of the Orcish Mines.
You worshipped Makhleb.
Makhleb was exalted by your worship.
You were a hulking beast.
You visited 4 branches of the dungeon, and saw 21 of its levels.

You collected 2204 gold pieces.
You spent 56 gold pieces at shops.

Inventory:

Hand Weapons
 s - a +0 morningstar
 D - a +3 dagger of venom
 S - the +5 trident of the Eggplant (weapon) {flame, ^Contam rPois Str+3}
   (You found it on level 6 of the Dungeon)

   Str+3:     It affects your strength (+3).
   rPois:     It protects you from poison ^Contam: It causes magical
   contamination when unequipped.
Missiles
 k - 168 stones
 H - 6 curare-tipped darts
 J - 14 boomerangs (quivered)
 O - 6 javelins
 Q - 8 poisoned darts
Armour
 r - a +2 cloak
 A - a scarf of shadows
 E - a +1 chain mail of fire resistance (worn)
 G - a +2 hat
 M - an orb of guile
 Z - a +0 pair of gloves of dexterity
Jewellery
 g - a +4 ring of protection (left hand)
 j - a +4 ring of slaying (right hand)
Talismans
 c - a beast talisman
 d - a flux talisman
 m - a serpent talisman
Wands
 n - a wand of charming (20)
 t - a wand of flame (27)
 C - a wand of polymorph (5)
 I - a wand of mindburst (25)
Scrolls
 a - 2 scrolls of blinking
 f - 4 scrolls of enchant weapon
 h - 4 scrolls of immolation
 l - 2 scrolls of revelation
 p - 10 scrolls of teleportation
 q - 4 scrolls of poison
 u - 5 scrolls of fog
 w - a scroll of silence
 B - 2 scrolls of amnesia
 P - 3 scrolls of vulnerability
 R - a scroll of identify
 U - 2 scrolls of enchant armour
 V - 2 scrolls of fear
 X - 2 scrolls of summoning
Potions
 b - 2 potions of lignification
 e - 2 potions of might
 o - a potion of ambrosia
 v - 4 potions of curing
 x - 3 potions of brilliance
 z - 2 potions of heal wounds {unknown}
 F - 4 potions of mutation
 K - 3 potions of enlightenment
 L - 3 potions of attraction
 N - a potion of magic
 T - a potion of cancellation
 W - 4 potions of haste {unknown}
 Y - a potion of invisibility {unknown}


   Skills:
 + Level 10.4 Fighting
 + Level 10.1 Short Blades
 + Level 10.1 Long Blades
 + Level 10.1 Axes
 + Level 10.1 Maces & Flails
 + Level 10.1 Polearms
 + Level 10.1 Staves
 + Level 10.1 Ranged Weapons
 + Level 10.1 Throwing
 + Level 10.1 Armour
 + Level 11.1 Dodging
 + Level 10.1 Stealth
 + Level 10.1 Shields
 + Level 12.0 Unarmed Combat
 + Level 10.1 Spellcasting
 + Level 8.5 Conjurations
 + Level 8.5 Hexes
 + Level 8.5 Summonings
 + Level 8.5 Necromancy
 + Level 8.5 Translocations
 + Level 8.5 Fire Magic
 + Level 8.5 Ice Magic
 + Level 8.5 Air Magic
 + Level 8.5 Earth Magic
 + Level 8.5 Alchemy
 + Level 11.0 Invocations
 + Level 10.1 Evocations
 + Level 11.3 Shapeshifting


You had 34 spell levels left.
You didn't know any spells.
Your spell library contained the following spells:

 Spells                   Type           Power      Damage    Failure   Level
 Magic Dart               Conj           88%        1d7       2%          1
 Sandblast                Erth           44%        2d11      2%          1
 Sting                    Conj/Alch      88%        1d8       2%          1
 Blink                    Tloc           44%        N/A       3%          2
 Call Imp                 Summ           44%        N/A       3%          2
 Ensorcelled Hibernation  Hex/Ice        44%        N/A       3%          2
 Mercury Vapours          Alch/Air       44%        N/A       3%          2
 Dazzling Flash           Conj/Hex       44%        N/A       7%          3
 Hailstorm                Conj/Ice       22%        3d7       7%          3
 Mephitic Cloud           Conj/Alch/Air  22%        N/A       7%          3
 Passwall                 Erth           22%        N/A       7%          3
 Stone Arrow              Conj/Erth      44%        3d9       7%          3
 Summon Ice Beast         Ice/Summ       22%        N/A       7%          3
 Swiftness                Air            22%        N/A       7%          3
 Tukima's Dance           Hex            22%        N/A       7%          3
 Animate Armour           Summ/Erth      44%        N/A       22%         4
 Brom's Barrelling Bould  Conj/Erth      22%        2d4       22%         4
 Dimensional Bullseye     Hex/Tloc       11%        N/A       22%         4
 Iskenderun's Mystic Bla  Conj/Tloc      22%        2d6       22%         4
 Olgreb's Toxic Radiance  Alch           22%        N/A       22%         4
 Summon Lightning Spire   Summ/Air       22%        N/A       22%         4
 Curse of Agony           Necr           22%        N/A       54%         5
 Freezing Cloud           Conj/Ice/Air   11%        6-21      54%         5
 Lee's Rapid Deconstruct  Erth           11%        3d8*      54%         5
 Silence                  Hex/Air        11%        N/A       54%         5
 Summon Forest            Summ/Tloc      11%        N/A       54%         5
 Eringya's Noxious Bog    Alch           11%        4d6       98%         6
 Sculpt Simulacrum        Ice/Alch       11%        N/A       98%         6
 Summon Hydra             Summ           11%        N/A       100%        7


Dungeon Overview and Level Annotations

Branches:
Dungeon (13/15)            Temple (1/1) D:5            Lair (5/5) D:10
 Shoals (0/4) Lair:3       Spider (0/4) Lair:2        Slime (0/5) Lair:5
    Orc (1/2) D:12         Vaults (0/5) D:13

Altars:
Ashenzari
Cheibriados
Dithmenos
Elyvilon
Fedhas
Gozag
Hepliaklqana
Kikubaaqudgha
Makhleb
Nemelex Xobeh
Okawaru
Qazlal
Ru
Sif Muna
Trog
Uskayaw
Vehumet
Wu Jian
Xom
Yredelemnul
Zin
The Shining One

Shops:
D:4 *   D:10 [   D:12 :   Orc:2 (

Annotations:
D:6 2 runed translucent doors, GrumpyGrim72's ghost, novice OpCj
D:12 2 transporters, glumbocoin's ghost, journeyman DsBe


Innate Abilities, Weirdness & Mutations

You are a hulking beast.
Your limbs bulge with bestial killing power. (Slay +4)
You have very sharp teeth.
Your uncanny sense of smell can sniff out nearby items.
Your experience applies equally to all skills.


Message History

You kill the deep troll!
Makhleb accepts your kill.
You hear some strange, mumbled words.
You hit the ogre. You burn the ogre. You bite the ogre!
The ogre is heavily wounded.
The ogre misses you.
You completely miss the ogre.
The ogre is heavily wounded.
You hear some strange, mumbled words.
The two-headed ogre misses you.
The two-headed ogre hits you with a +0 giant spiked club!
You puncture the ogre! You burn the ogre.
The ogre is almost dead.
The ogre completely misses you.
The two-headed ogre hits you with a +0 giant club.
The two-headed ogre hits you with a +0 giant spiked club!
You puncture the ogre! You burn the ogre.
You kill the ogre!
Makhleb accepts your kill.
You feel better.
Aiming: Mindburst
Press: ? - help, Shift-Dir - straight line, f - two-headed ogre
Aim: a two-headed ogre, wielding a +0 giant club and a +0 giant spiked club (fast, chance to affect: 80%)
The two-headed ogre's minds are blasted!!
The two-headed ogre misses you.
The two-headed ogre hits you with a +0 giant spiked club!
* * * LOW HITPOINT WARNING * * *
The ogre hits you with a +0 giant spiked club.
* * * LOW HITPOINT WARNING * * *
As you read the scroll of teleportation, it crumbles to dust.
You feel strangely unstable.
The two-headed ogre hits you with a +0 giant club!
* * * LOW HITPOINT WARNING * * *
The two-headed ogre hits you with a +0 giant spiked club!
* * * LOW HITPOINT WARNING * * *
You hear some strange, mumbled words.
You hear a shout!
The two-headed ogre attacks as it pursues you!
The two-headed ogre closely misses you.
The two-headed ogre hits you with a +0 giant spiked club!
You die...

....## .# ....###
.... #.....###.....
............###.
#...............
##.......##......
#.)OO{...#.....# .
##.O#..........##.#
#..h##.#...........
##...##TO.)........
##.##.............
#####.##.#.......
###)OO##.....
#OOO.......
#..........
................
..........#.....


You could see 2 two-headed ogres.

Vanquished Creatures
  Gastronok (D:12)
  A fire dragon (Lair:5)
  A vault guard (D:12)
  10 hydras
  A centaur warrior (D:12)
  6 death yaks
  A boulder beetle (Lair:3)
  6 two-headed ogres
  Urug (Lair:1)
  3 skysharks
  Sonja (D:10)
  2 fire crabs
  A deep troll (Orc:2)
  4 elephants (Lair:2)
  10 black mambas
  3 cyclopes
  Joseph (D:8)
  2 meliai (D:12)
  2 molten gargoyles (Lair:5)
  2 torpor snails
  A gargoyle (D:12)
  10 cane toads
  A kobold demonologist (D:10)
  8 rime drakes
  An unseen horror (D:11)
  Jeremiah (D:7)
  9 komodo dragons
  Prince Ribbit (D:7)
  6 trolls
  5 polar bears
  A hornet (D:10)
  Grinder (D:3)
  12 blink frogs
  8 slime creatures (D:13)
  A vampire (D:8)
  40 yaks
  6 wyverns
  2 basilisks
  3 steam dragons
  2 redbacks (Lair:2)
  6 vampire mosquitoes
  4 acid dragons
  5 hell hounds (Lair:5)
  12 water moccasins
  A sky beast (D:7)
  2 ice beasts (D:5)
  8 orc warriors
  A black bear (D:8)
  2 laughing skulls (D:13)
  10 ogres
  11 wolves
  4 centaurs
  A phantom (D:7)
  A kobold brigand (D:8)
  6 bullfrogs
  4 scorpions
  A gnoll sergeant (D:5)
  20 killer bees
  6 electric eels
  4 howler monkeys
  3 lava snakes (Lair:5)
  3 bombardier beetles
  8 hounds
  5 orc priests
  5 jellies
  A gnoll bouda (D:7)
  A sleepcap (D:5)
  Ijyb (D:3)
  23 orc wizards
  Natasha (thrice) (D:2)
  3 iguanas
  3 hell rats (D:10)
  11 gnolls
  12 adders
  2 river rats (D:10)
  2 shadow imps
  A white imp (D:5)
  2 ribbon worms
  3 dart slugs
  50 orcs
  3 bats
  9 endoplasms
  3 giant cockroaches
  7 goblins
  12 hobgoblins
  4 quokkas
  6 ball pythons
  6 frilled lizards
  9 kobolds
  7 rats
495 creatures vanquished.

Vanquished Creatures (collateral kills)
  2 death yaks (Lair:4)
  A wolf (Lair:1)
  A bullfrog (Lair:1)
4 creatures vanquished.

Vanquished Creatures (others)
  A komodo dragon (Lair:4)
  An orc warrior (D:7)
  A quokka (D:3)
3 creatures vanquished.

Grand Total: 502 creatures vanquished

Notes
Turn   | Place    | Note
-------+----------+-------------------------------------------
     0 | D:1      | bearlyready the Gnoll Shapeshifter began the quest for the
                  | Orb.
     0 | D:1      | Reached XP level 1. HP: 17/17 MP: 1/1
   157 | D:1      | Reached XP level 2. HP: 20/23 MP: 2/2
   605 | D:1      | Reached XP level 3. HP: 28/28 MP: 3/3
  1239 | D:2      | Noticed Natasha
  1243 | D:2      | Killed Natasha
  1244 | D:2      | Reached skill level 1 in Short Blades
  1244 | D:2      | Reached skill level 1 in Long Blades
  1244 | D:2      | Reached skill level 1 in Axes
  1244 | D:2      | Reached skill level 1 in Maces & Flails
  1244 | D:2      | Reached skill level 1 in Polearms
  1244 | D:2      | Reached skill level 1 in Staves
  1244 | D:2      | Reached skill level 1 in Ranged Weapons
  1244 | D:2      | Reached skill level 1 in Throwing
  1244 | D:2      | Reached skill level 1 in Armour
  1244 | D:2      | Reached skill level 1 in Stealth
  1244 | D:2      | Reached skill level 1 in Shields
  1244 | D:2      | Reached skill level 1 in Spellcasting
  1244 | D:2      | Reached skill level 1 in Invocations
  1244 | D:2      | Reached skill level 1 in Evocations
  1261 | D:2      | Noticed Natasha
  1268 | D:2      | Killed Natasha
  1269 | D:2      | Reached XP level 4. HP: 14/34 MP: 5/5
  1334 | D:2      | Noticed Natasha
  1343 | D:2      | Killed Natasha
  1344 | D:2      | Reached skill level 1 in Conjurations
  1344 | D:2      | Reached skill level 1 in Hexes
  1344 | D:2      | Reached skill level 1 in Summonings
  1344 | D:2      | Reached skill level 1 in Necromancy
  1344 | D:2      | Reached skill level 1 in Translocations
  1344 | D:2      | Reached skill level 1 in Fire Magic
  1344 | D:2      | Reached skill level 1 in Ice Magic
  1344 | D:2      | Reached skill level 1 in Air Magic
  1344 | D:2      | Reached skill level 1 in Earth Magic
  1344 | D:2      | Reached skill level 1 in Alchemy
  1637 | D:2      | Found a shimmering altar of Xom.
  1832 | D:2      | Found a faded altar of an unknown god.
  1907 | D:2      | Reached XP level 5. HP: 40/40 MP: 7/7
  2287 | D:3      | Identified the +6 leather armour of Mimomil {+Blink Regen+
                  | Str-4 Int-4}
  2385 | D:3      | Found a white marble altar of Elyvilon.
  2394 | D:3      | Noticed Ijyb
  2409 | D:3      | Killed Ijyb
  2513 | D:3      | Reached XP level 6. HP: 44/47 MP: 8/8
  2828 | D:3      | Noticed Grinder
  2843 | D:3      | Killed Grinder
  2844 | D:3      | Reached skill level 5 in Dodging
  2844 | D:3      | Reached skill level 7 in Unarmed Combat
  2844 | D:3      | Reached XP level 7. HP: 28/52 MP: 8/10
  2996 | D:4      | Found Qofix's General Store.
  3016 | D:4      | Bought a scroll of identify for 28 gold pieces
  3016 | D:4      | Bought a scroll of identify for 28 gold pieces
  3454 | D:5      | Entered Level 5 of the Dungeon
  3454 | D:5      | Found a bloodstained altar of Trog.
  3473 | D:5      | Reached XP level 8. HP: 60/60 MP: 12/12
  3848 | D:5      | Found a staircase to the Ecumenical Temple.
  3875 | Temple   | Found a transporter.
  3875 | Temple   | Found a transporter.
  3875 | Temple   | Found a transporter.
  3875 | Temple   | Found a transporter.
  3875 | Temple   | Entered the Ecumenical Temple
  3922 | Temple   | Became a worshipper of Makhleb the Destroyer
  4051 | D:5      | Reached XP level 9. HP: 38/66 MP: 14/14
  4175 | D:5      | Found an ancient bone altar of Kikubaaqudgha.
  4559 | D:6      | Found a radiant altar of Vehumet.
  4561 | D:6      | You fall into a shaft and drop 3 floors!
  4689 | D:7      | Noticed Jeremiah
  4710 | D:8      | Reached * piety under Makhleb
  4717 | D:8      | Reached skill level 5 in Fighting
  4813 | D:8      | Reached skill level 8 in Unarmed Combat
  4875 | D:7      | Reached skill level 5 in Invocations
  5120 | D:8      | Reached ** piety under Makhleb
  5132 | D:8      | Reached skill level 5 in Short Blades
  5132 | D:8      | Reached skill level 5 in Long Blades
  5132 | D:8      | Reached skill level 5 in Axes
  5132 | D:8      | Reached skill level 5 in Maces & Flails
  5132 | D:8      | Reached skill level 5 in Polearms
  5132 | D:8      | Reached skill level 5 in Staves
  5132 | D:8      | Reached skill level 5 in Ranged Weapons
  5132 | D:8      | Reached skill level 5 in Throwing
  5132 | D:8      | Reached skill level 5 in Armour
  5132 | D:8      | Reached skill level 5 in Stealth
  5132 | D:8      | Reached skill level 5 in Shields
  5132 | D:8      | Reached skill level 5 in Spellcasting
  5132 | D:8      | Reached skill level 5 in Evocations
  5132 | D:8      | Reached XP level 10. HP: 70/76 MP: 17/17
  5315 | D:8      | Noticed Joseph
  5327 | D:8      | Killed Joseph
  5652 | D:7      | Killed Jeremiah
  6197 | D:7      | Noticed Prince Ribbit
  6202 | D:7      | Killed Prince Ribbit
  6667 | D:6      | Found a large runed translucent door.
  6667 | D:6      | Found a large runed translucent door.
  6669 | D:6      | Noticed GrumpyGrim72's ghost (novice OpCj)
  6748 | D:6      | Identified the +5 trident of the Eggplant {flame, ^Contam
                  | rPois Str+3}
  7194 | D:9      | Reached *** piety under Makhleb
  7199 | D:9      | Reached skill level 9 in Unarmed Combat
  7205 | D:9      | Reached skill level 5 in Conjurations
  7205 | D:9      | Reached skill level 5 in Hexes
  7205 | D:9      | Reached skill level 5 in Summonings
  7205 | D:9      | Reached skill level 5 in Necromancy
  7205 | D:9      | Reached skill level 5 in Translocations
  7205 | D:9      | Reached skill level 5 in Fire Magic
  7205 | D:9      | Reached skill level 5 in Ice Magic
  7205 | D:9      | Reached skill level 5 in Air Magic
  7205 | D:9      | Reached skill level 5 in Earth Magic
  7205 | D:9      | Reached skill level 5 in Alchemy
  7205 | D:9      | Reached XP level 11. HP: 73/83 MP: 18/20
  7797 | D:10     | Entered Level 10 of the Dungeon
  7797 | D:10     | Noticed a death yak
  7798 | D:10     | Found a staircase to the Lair.
  7798 | D:10     | Noticed Sonja
  7800 | D:10     | Noticed a death yak
  7801 | D:10     | Noticed a death yak
  7815 | D:9      | Killed a death yak
  7902 | D:10     | Noticed a two-headed ogre
  7928 | D:10     | Killed a two-headed ogre
  8093 | D:10     | Noticed a two-headed ogre
  8099 | D:10     | Killed a two-headed ogre
  8269 | D:10     | Found Moddireu's Antique Armour Emporium.
  8285 | D:10     | Identified the +0 leather armour "Jiynnon" {+Inv Str+4}
  8318 | D:10     | Reached **** piety under Makhleb
  8348 | D:10     | Killed Sonja
  8368 | D:10     | Killed a death yak
  8369 | D:10     | Killed a death yak
  8573 | D:10     | Found a stormy altar of Qazlal.
  9033 | D:11     | Reached XP level 12. HP: 91/91 MP: 22/22
  9588 | D:11     | Noticed a two-headed ogre
  9598 | D:11     | Killed a two-headed ogre
  9915 | D:12     | Reached skill level 10 in Unarmed Combat
  9949 | D:12     | Found a staircase to the Orcish Mines.
  9951 | D:12     | Noticed a two-headed ogre
  9977 | D:12     | Killed a two-headed ogre
  9996 | D:12     | Noticed Gastronok
 10012 | D:12     | Killed Gastronok
 10239 | D:12     | Noticed a walking frostbound tome
 10240 | D:12     | Found Xixen's Book Emporium.
 10247 | D:12     | Noticed a walking divine tome
 10378 | D:12     | Noticed a centaur warrior
 10390 | D:12     | Killed a centaur warrior
 10391 | D:12     | Noticed a two-headed ogre
 10391 | D:12     | Noticed glumbocoin's ghost (journeyman DsBe)
 10391 | D:12     | Noticed a two-headed ogre
 10392 | D:12     | Noticed a two-headed ogre
 10394 | D:12     | Noticed a two-headed ogre
 10394 | D:12     | Identified the +6 great mace of the Saviour {holy, rElec
                  | Will- Int-5 Dex+8}
 10394 | D:12     | Noticed an ettin
 10394 | D:12     | Noticed a two-headed ogre
 10551 | D:12     | Found a transporter.
 10555 | D:12     | Found a transporter.
 10636 | D:13     | Reached ***** piety under Makhleb
 10736 | D:13     | Found a gate to the Vaults.
 10736 | D:13     | Noticed a vault guard
 10736 | D:13     | Noticed a vault guard
 10736 | D:13     | Noticed a vault guard
 10737 | D:13     | Noticed a vault guard
 10738 | D:13     | Noticed a vault guard
 10738 | D:13     | Noticed a vault guard
 10739 | D:13     | Noticed a vault guard
 10740 | D:13     | Noticed a vault guard
 10749 | D:12     | Killed a vault guard
 10817 | D:13     | Noticed a boulder beetle
 10823 | D:13     | Noticed a boulder beetle
 10916 | Lair:1   | Entered Level 1 of the Lair of Beasts
 10965 | Lair:1   | Identified a scroll of acquirement
 10966 | Lair:1   | Acquired 562 gold pieces
 10994 | Lair:1   | Reached XP level 13. HP: 98/99 MP: 25/25
 10997 | Lair:1   | Reached skill level 10 in Shapeshifting
 11032 | Lair:1   | Noticed Urug
 11068 | Lair:1   | Killed Urug
 11705 | Lair:2   | Found a hole to the Spider Nest.
 12477 | Lair:3   | Found a staircase to the Shoals.
 12517 | Lair:3   | Reached skill level 10 in Dodging
 12517 | Lair:3   | Reached skill level 11 in Unarmed Combat
 12653 | Lair:3   | Found the +3 crown of Dyrovepreva {rElec Int+2 SInv}
 13425 | Lair:4   | Reached XP level 14. HP: 101/108 MP: 27/27
 13439 | Lair:4   | Reached skill level 10 in Invocations
 14090 | Lair:5   | Entered Level 5 of the Lair of Beasts
 14396 | Lair:5   | Found a large runed translucent door.
 14396 | Lair:5   | Found a large runed translucent door.
 14418 | Lair:5   | Reached skill level 10 in Fighting
 14466 | Lair:5   | Reached ****** piety under Makhleb
 14818 | Lair:5   | Found a staircase to the Slime Pits.
 15048 | Lair:5   | Reached skill level 10 in Short Blades
 15048 | Lair:5   | Reached skill level 10 in Long Blades
 15048 | Lair:5   | Reached skill level 10 in Axes
 15048 | Lair:5   | Reached skill level 10 in Maces & Flails
 15048 | Lair:5   | Reached skill level 10 in Polearms
 15048 | Lair:5   | Reached skill level 10 in Staves
 15048 | Lair:5   | Reached skill level 10 in Ranged Weapons
 15048 | Lair:5   | Reached skill level 10 in Throwing
 15048 | Lair:5   | Reached skill level 10 in Armour
 15048 | Lair:5   | Reached skill level 10 in Stealth
 15048 | Lair:5   | Reached skill level 10 in Shields
 15048 | Lair:5   | Reached skill level 10 in Spellcasting
 15048 | Lair:5   | Reached skill level 10 in Evocations
 15664 | Orc:1    | Entered Level 1 of the Orcish Mines
 15783 | Orc:1    | You fall into a shaft and drop 1 floor!
 15783 | Orc:2    | Entered Level 2 of the Orcish Mines
 15800 | Orc:2    | Found Fumner's Antique Weapon Shop.
 15821 | Orc:2    | Reached XP level 15. HP: 117/117 MP: 29/29
 15849 | Orc:2    | Reached skill level 12 in Unarmed Combat
 15869 | Orc:2    | Slain by a two-headed ogre

Illustrated notes

Levels and vault maps discovered:
D:1:      dpeg_arrival_prison, layout_loops_ring, roderic_roman_lattice,
          minmay_pentomino_p4
D:2:      layout_loops_corners, basic_altar,
          shapermc_ecumenical_altar_flowoftime, chequers_serial_rivers_large_b,
          uniq_natasha
D:3:      layout_loops_ring, elyvilon_altar_4, uniq_grinder, uniq_ijyb
D:4:      layout_rooms, serial_shops, nicolae_shop_statue_plus,
          kennysheep_generic_room_13
D:5:      minmay_chambers_of_threes, layout_basic, mainiacjoe_overflow_catwalk,
          nicolae_kikubaaqudgha_miasma_corner, minmay_temple_entry_water_ring,
          serial_aquarium, aquarium_bridge_square [aquarium_subvault_balcony,
          aquarium_subvault_bridge, aquarium_subvault_wall,
          aquarium_subvault_bridge], aquarium_bridge_long_joined
          [aquarium_subvault_balcony, aquarium_subvault_window,
          aquarium_subvault_bridge, aquarium_subvault_bridge,
          aquarium_subvault_wall, aquarium_subvault_window],
          aquarium_window_fake, aquarium_window_fake, aquarium_window_1,
          aquarium_view_2b, aquarium_view_2a, aquarium_balcony_3b,
          aquarium_pool_four, minmay_gold_behind_fungi
D:6:      layout_basic, vehumet_altar_wand_db, ebering_ghost_disaster_area
D:7:      layout_loops_ring, serial_bayou, serial_bayou_lagoon_a,
          serial_bayou_ford_a, serial_bayou_pond_e, serial_bayou_pond_a,
          grunt_ministairs_6, uniq_jeremiah, uniq_prince_ribbit1
D:8:      layout_gridville, uniq_joseph
D:9:      layout_irregular_city, minmay_door_square
D:10:     layout_basic, nicolae_qazlal_style_of_elements, dpeg_lair_monsters,
          minmay_variable_closet, nicolae_wooded_promenade, uniq_sonja
D:11:     layout_roguey
D:12:     layout_basic, david_orc_3, gammafunk_ghost_smash, serial_shops,
          nicolae_shop_mannequins, serial_park_tiny_1, eino_jars, uniq_gastronok
D:13:     layout_long_grid, erik_vaults_2, nicolae_shop_firing_range
Temple:   hellmonk_temple_divided_pantheon
Lair:1:   layout_hall_layers, uniq_urug
Lair:2:   layout_loops_ring, spider_nest_entry_webs, special_room,
          gammafunk_lair_bear_cave
Lair:3:   layout_roguey, elwin_shoals_entry_rocks, minivault_25
Lair:4:   layout_loops_ring, grunt_megastairs_3, infiniplex_staircase_pool_2
Lair:5:   cheibrodos_lair_end_hotspot, layout_hall_layers, slime_entry_1,
          minmay_lair_drake_nest
Orc:1:    layout_caves
Orc:2:    st_orc_open, layout_caves, gammafunk_ghost_berserking_beasts,
          einodemon_armed_red_devil_minivault, uniq_donald

Skill      XL: |  1  2  3  4  5  6  7  8  9 10 11 12 13 14 15 |
---------------+----------------------------------------------+-----
Short Blades   | 1 2 3 5 6 7 8 9 10 | 10.1
Long Blades    | 1 2 3 5 6 7 8 9 10 | 10.1
Axes           | 1 2 3 5 6 7 8 9 10 | 10.1
Maces & Flails | 1 2 3 5 6 7 8 9 10 | 10.1
Polearms       | 1 2 3 5 6 7 8 9 10 | 10.1
Staves         | 1 2 3 5 6 7 8 9 10 | 10.1
Ranged Weapons | 1 2 3 5 6 7 8 9 10 | 10.1
Throwing       | 1 2 3 5 6 7 8 9 10 | 10.1
Armour         | 1 2 3 5 6 7 8 9 10 | 10.1
Stealth        | 1 2 3 5 6 7 8 9 10 | 10.1
Shields        | 1 2 3 5 6 7 8 9 10 | 10.1
Spellcasting   | 1 2 3 5 6 7 8 9 10 | 10.1
Invocations    | 1 2 3 4 5 6 7 8 9 10 11 | 11.0
Evocations     | 1 2 3 5 6 7 8 9 10 | 10.1
Conjurations   | 1 2 3 4 5 6 7 8 |  8.5
Hexes          | 1 2 3 4 5 6 7 8 |  8.5
Summonings     | 1 2 3 4 5 6 7 8 |  8.5
Necromancy     | 1 2 3 4 5 6 7 8 |  8.5
Translocations | 1 2 3 4 5 6 7 8 |  8.5
Fire Magic     | 1 2 3 4 5 6 7 8 |  8.5
Ice Magic      | 1 2 3 4 5 6 7 8 |  8.5
Air Magic      | 1 2 3 4 5 6 7 8 |  8.5
Earth Magic    | 1 2 3 4 5 6 7 8 |  8.5
Alchemy        | 1 2 3 4 5 6 7 8 |  8.5
Fighting       | 3 4 5 6 7 8 9 10 | 10.4
Dodging        | 5 6 7 8 9 10 11 | 11.1
Unarmed Combat | 7 8 9 10 11 12 | 12.0
Shapeshifting  | 7 8 9 10 11 | 11.3

Action                     |  1- 3 |  4- 6 |  7- 9 | 10-12 | 13-15 || total
---------------------------+-------+-------+-------+-------+-------++-------
  Melee: Unarmed           |    40 |    15 |       |       |       ||    55
         Bite              |     2 |     6 |    35 |    78 |   100 ||   221
         Punch             |     1 |     4 |    13 |    39 |    64 ||   121
         Morningstar       |     9 |    43 |    15 |       |       ||    67
         Dagger            |       |    23 |   273 |   112 |       ||   408
         Trident           |       |       |       |   442 |   674 ||  1116
  Throw: Stone             |       |       |       |    10 |       ||    10
         Boomerang         |       |       |       |     8 |     6 ||    14
  Evoke: Wand              |       |       |     1 |    21 |    16 ||    38
    Use: Scroll            |       |       |     9 |     9 |    10 ||    28
         Potion            |       |       |       |       |     1 ||     1
   Stab: Sleeping          |     1 |       |     4 |     9 |     9 ||    23
         Distracted        |       |       |     1 |       |     1 ||     2
 Armour: Animal skin       |     4 |       |       |       |       ||     4
         Leather armour    |    15 |    34 |   177 |   349 |   490 ||  1065
         Skin              |     1 |    11 |       |       |       ||    12
         Chain mail        |       |     3 |       |       |    51 ||    54
  Dodge: Dodged            |    32 |    40 |   155 |   366 |   558 ||  1151
